Cogmind - Beta 16.1 *** ADVENTURER MODE // 2026.03.27 @ 21:19:54 Player: ItsMitch Result: Destroyed by 9X-8BT(R) with Subdweller Machine Gun Performance ------------- Evolutions (0) 0 Regions Visited (2) 400 Robots Destroyed (3) 15 Value Destroyed (103) 103 Prototype IDs (0) 0 Alien Tech Used (0) 0 Bonus (0) 0 TOTAL SCORE: 518 Bonus ------- None Cogmind --------- Core Integrity 0/250 Matter 269/300 Energy 200/200 System Corruption 0% Temperature Cool (0) Movement Walking (120) Location -10/Subcaves Parts ------- > --- POWER (1) -------- Subdweller Power Source > --- PROPULSION (2) --- Aluminum Leg Aluminum Leg > --- UTILITY (2) ------ Small Storage Unit Subdweller Optics > --- WEAPON (2) ------- Small Laser Light Assault Rifle > --- INVENTORY (8) ---- Light Ion Engine Light Treads Hover Unit Salvaging Laser Scrap Shield Fragment (48) Peak State ------------ > --- POWER ------------ Ion Engine > --- PROPULSION ------- Aluminum Leg Aluminum Leg > --- UTILITY ---------- Small Storage Unit Subdweller Optics > --- WEAPON ----------- EM Pulse Gun Small Laser > --- INVENTORY -------- Ion Engine Light Ion Engine Subdweller Power Source Light Treads Hover Unit Salvaging Laser Light Assault Rifle Scrap Shield Fragment [Rating: 9] Favorites ----------- Power Ion Engine Engine Ion Engine Propulsion Aluminum Leg Leg Aluminum Leg Utility Small Storage Unit Device Subdweller Optics Storage Small Storage Unit Weapon Light Assault Rifle Energy Gun EM Pulse Gun Ballistic Gun Light Assault Rifle Build | -11 -10 -10 ------- Run | Yrd Mat Sub Slots Evolved . | . . . Power . | . . . Propulsion . | . . . Utility . | . . . Weapon . | . . . Parts Attached 11 | 5 1 5 Power 4 | 1 . 3 Engine 4 | 1 . 3 Core . | . . . Reactor . | . . . Propulsion 2 | 2 . . Treads . | . . . Leg 2 | 2 . . Wheel . | . . . Hover . | . . . Flight . | . . . Utility 2 | . 1 1 Device 1 | . . 1 Storage 1 | . 1 . Processor . | . . . Hackware . | . . . Protection . | . . . Artifact . | . . . Weapon 3 | 2 . 1 Energy Gun 2 | 1 . 1 Energy Cannon . | . . . Ballistic Gun 1 | 1 . . Ballistic Cannon . | . . . Launcher . | . . . Special Weapon . | . . . Impact Weapon . | . . . Slashing Weapon . | . . . Piercing Weapon . | . . . Special Melee Weapon . | . . . Unidentified Prototypes . | . . . Parts Lost 2 | . . 2 Power 1 | . . 1 Propulsion . | . . . Utility . | . . . Weapon 1 | . . 1 Highest Loss Streak 2 | . . 2 To Critical Strikes . | . . . Average Backups 4 | 3 4 5 Power 1 | . 1 2 Propulsion 1 | . 1 2 Utility . | . . . Weapon 1 | . 1 1 Tool/Special . | . . . Unused Backups 5 | . 1 4 Power 1 | . . 1 Propulsion 3 | . 1 2 Utility . | . . . Weapon 1 | . . 1 Tool/Special . | . . . Average Slot Usage (%) 85 | . 79 90 Engine 13 | . 14 13 Leg 28 | . 28 28 Device 3 | . . 6 Storage 11 | . 8 14 Energy Gun 16 | . 14 18 Ballistic Gun 11 | . 14 8 Peak Build Rating 9 | 5 6 9 Average Rating 5 | 3 5 7 On Entrance 3 | . 5 6 Avg Prop Armor Cover (%) . | . . . Naked Turns . | . . . Heaviest Build 15 | 8 13 15 Greatest Support 20 | 20 20 20 Greatest Overweight (x) 1 | 1 . . Average Overweight (x) . | . . . Largest Inventory Capacity 8 | 5 8 8 Average Capacity 6 | 5 6 8 Most Carried 8 | 5 5 8 Average Carried 4 | 3 4 5 Final Capacity 8 | 5 8 8 Final Carried 5 | 4 5 5 Class Distribution -------------------- 100% | Mutant Dominant Class ---------------- Mutant | -10/Materials Mutant | -10/Subcaves Resources | -11 -10 -10 ----------- Run | Yrd Mat Sub Matter Collected 288 | 146 79 63 Remotely . | . . . Salvage Created 150 | . 90 60 Parts 10 | . 6 4 Haulers Intercepted . | . . . Recyclers Shooed . | . . . Parts Field Recycled . | . . . Retrieved Matter . | . . . Parts Self-Destructed 8 | . . 8 Prevented . | . . . Parts Restored . | . . . Kills | -11 -10 -10 ------- Run | Yrd Mat Sub Combat Hostiles Destroyed 2 | . 1 1 Guns 2 | . 1 1 Classes Destroyed 3 | . 2 1 Watcher 1 | . 1 . Grunt 1 | . 1 . Subdweller 1 | . . 1 Best Kill Streak 2 | . 2 1 Combat Bots Only 1 | . 1 1 Max Kills in Single Turn 1 | . 1 1 Gunslinging . | . . . Exploded . | . . . Melee . | . . . Uniques/NPCs Destroyed . | . . . Combat | -11 -10 -10 -------- Run | Yrd Mat Sub Hostile Shots Fired 36 | . . 36 Missed 17 | . . 17 Hits 19 | . . 19 Projectile 19 | . . 19 AOE 9 | . . 9 Critical Strikes 1 | . . 1 Damage Taken 629 | . . 629 Core 256 | . . 256 Absorbed by Shields . | . . . Ignored by Resistances 168 | . . 168 Core Remaining (%) 100 | 100 . . Volleys Fired 14 | . 3 11 Largest 2 | . 2 2 Hottest 80 | . 60 80 Shots Fired 28 | . 6 22 Gun 28 | . 6 22 Cannon . | . . . Launcher . | . . . Special . | . . . Kinetic 9 | . 3 6 Thermal 6 | . . 6 Explosive . | . . . Electromagnetic 13 | . 3 10 Robot Hit Streak 25 | . 4 25 Robot Miss Streak . | . . . Penetration Max . | . . . Secondary Targets . | . . . Shots Hit Robots 25 | . 4 21 Core Hits 6 | . 3 3 Critical Kills . | . . . Critical Parts Destroyed . | . . . Critical Strikes . | . . . Melee Attacks . | . . . Impact . | . . . Slashing . | . . . Piercing . | . . . Sneak Attacks . | . . . Combat Hostiles . | . . . Follow-up Attacks . | . . . Damage Inflicted 155 | . 58 97 Guns 155 | . 58 97 Cannons . | . . . Explosions . | . . . Melee . | . . . Ramming . | . . . Kinetic 9 | . 9 . Thermal 40 | . . 40 Explosive . | . . . Electromagnetic 106 | . 49 57 Impact . | . . . Slashing . | . . . Piercing . | . . . Highest Corruption . | . . . Average Corruption . | . . . Corruption Purged . | . . . Corruption Blocked . | . . . Overload Shots . | . . . Overflow Damage . | . . . Projectiles . | . . . Explosions . | . . . Melee . | . . . Knockbacks . | . . . Impact . | . . . Kinetic . | . . . Secondary . | . . . Self-Inflicted Damage . | . . . Shots . | . . . Rammed . | . . . Targets Rammed . | . . . Kicked . | . . . Crushed . | . . . Highest Temperature 225 | . 20 225 Average Temperature 89 | . 15 145 Received Heat Transfer 290 | . . 290 Siege Activations . | . . . Martial Activations . | . . . Shielding Activations . | . . . Robots Disrupted . | . . . Combat Hostiles . | . . . Robots Corrupted . | . . . Combat Hostiles . | . . . Parts Fried . | . . . Impact Corruptions . | . . . Robots Melted . | . . . Combat Hostiles . | . . . Parts Melted 2 | . 1 1 Heat Transferred 100 | . . 100 Parts Sabotaged . | . . . Parts Stolen . | . . . Parts Stripped . | . . . Power Chain Reactions . | . . . Alert | -11 -10 -10 ------- Run | Yrd Mat Sub Maximum Alert Level . | . . . Low Security (%) 100 | 100 100 . Level 1 . | . . . Level 2 . | . . . Level 3 . | . . . Level 4 . | . . . Level 5 . | . . . High Security . | . . . Max Security . | . . . Peak Influence 27 | . 27 . Initial . | . . . Average 2 | . 4 . Influence Increases 37 | . 37 . Destroy 0b10 Robot/C 20 | . 20 . Destroy 0b10 Robot/NC 5 | . 5 . Destroy Leader 12 | . 12 . Influence Decreases 37 | . 20 17 Entered New Map 10 | . . 10 Time Decay 27 | . 20 7 Squads Dispatched . | . . . Investigation . | . . . Extermination . | . . . Reinforcement . | . . . Assault . | . . . Garrison . | . . . Intercept . | . . . Searches Triggered . | . . . Construction Impeded . | . . . Haulers Reinforced . | . . . Active Scanning Responses . | . . . Cargo Convoy Interrupts . | . . . Stealth | -11 -10 -10 --------- Run | Yrd Mat Sub Distress Signals 1 | . 1 . Communications Jammed . | . . . Distress Signals . | . . . Times Spotted 8 | . 4 4 Peak Tracking Total 3 | . 3 3 Tactical Retreats . | . . . Traps | -11 -10 -10 ------- Run | Yrd Mat Sub Traps Triggered . | . . . Indirectly . | . . . Trap Hack Attempts . | . . . Triggered . | . . . Disarmed . | . . . Reprogrammed . | . . . Reused . | . . . Traps Extracted . | . . . Installed . | . . . Triggered . | . . . Machines | -11 -10 -10 ---------- Run | Yrd Mat Sub Machines Disabled . | . . . Max in Single Turn . | . . . Machines Repaired . | . . . Machines Dismantled . | . . . Machines Sabotaged . | . . . Overloaded Fab Kills . | . . . Hacking | -11 -10 -10 --------- Run | Yrd Mat Sub Machines Accessed . | . . . Terminals . | . . . Fabricators . | . . . Repair Stations . | . . . Recycling Units . | . . . Scanalyzers . | . . . Garrison Access . | . . . Total Hacks . | . . . Successful . | . . . Failed . | . . . Catastrophic . | . . . Database Lockouts . | . . . Manual . | . . . Terminals . | . . . Fabricators . | . . . Repair Stations . | . . . Recycling Units . | . . . Scanalyzers . | . . . Garrison Access . | . . . Terminal Hacks . | . . . Fabricator Hacks . | . . . Repair Station Hacks . | . . . Recycling Unit Hacks . | . . . Scanalyzer . | . . . Garrison Access Hacks . | . . . Unauthorized Hacks . | . . . Terminals . | . . . Fabricators . | . . . Repair Stations . | . . . Recycling Units . | . . . Scanalyzers . | . . . Garrison Access . | . . . Data Cores Recovered . | . . . Used . | . . . Hacking Detections . | . . . Full Trace Events . | . . . Feedback Events . | . . . Feedback Blocked . | . . . Robot Schematics Acquired . | . . . Robots Built . | . . . Authchips . | . . . Time . | . . . Total Robot Build Rating . | . . . Part Schematics Acquired . | . . . Parts Built . | . . . Authchips . | . . . Time . | . . . Total Part Build Rating . | . . . Part Studies Acquired . | . . . Parts Repaired . | . . . Time . | . . . Parts Recycled . | . . . Recycled Matter . | . . . Retrieved Matter . | . . . Retrieved Components . | . . . Parts Scanalyzed . | . . . Part Schematics Acquired . | . . . Parts Damaged . | . . . Bothacking | -11 -10 -10 ------------ Run | Yrd Mat Sub Used RIF Installer . | . . . Robots Hacked . | . . . Non-combat . | . . . Combat . | . . . Robot Hacks Applied . | . . . Relay Couplers Released . | . . . Fabnet Peak Effective % . | . . . Robots Rewired . | . . . Allies Hacked . | . . . Hacks Repelled . | . . . Allies | -11 -10 -10 -------- Run | Yrd Mat Sub Total Allies . | . . . Largest Group . | . . . Highest-Rated Group . | . . . Highest-Rated Ally . | . . . Total Orders . | . . . Ally Attacks . | . . . Total Damage . | . . . Kills . | . . . Allies Corrupted . | . . . Allies Melted . | . . . Intel | -11 -10 -10 ------- Run | Yrd Mat Sub Active Infowar (turns) 96 | . . 96 Optics 96 | . . 96 Robot Analysis Total . | . . . Derelict Logs Recovered . | . . . Drone Launches . | . . . Drone Recoveries . | . . . Exploration | -11 -10 -10 ------------- Run | Yrd Mat Sub Turns Passed 428 | 98 147 183 Spaces Moved 227 | 69 70 88 Core 28 | 28 . . Treads . | . . . Legs 199 | 41 70 88 Wheels . | . . . Hover . | . . . Flight . | . . . Fastest Speed 50 | 50 120 120 Average Speed 115 | 105 120 120 Slowest Speed 120 | 120 120 120 Overloaded Moves . | . . . Propulsion Burnouts . | . . . Robots Hopped . | . . . Potential Cave-ins . | . . . Cave-ins Triggered . | . . . Exploration Rate (%) 11 | 3 24 8 Regions Visited 2 Branch Regions 1 Pre-discovered Areas . | . . . Known Exits Taken . | . . . Unknown Exits Taken 2 | 1 1 . Scrap Searched . | . . . Spaces Dug . | . . . Terrain Destroyed . | . . . Melee . | . . . Projectile . | . . . AOE . | . . . Terrain Rammed . | . . . Walls Destroyed . | . . . Machines Disabled . | . . . Actions | -11 -10 -10 --------- Run | Yrd Mat Sub Total 367 | 94 128 145 Wait 97 | 13 51 33 Move 225 | 68 69 88 Hop . | . . . Pick Up 16 | 8 3 5 Fast Attach 1 | 1 . . Attach 8 | 4 1 3 Detach . | . . . Swap 3 | . . 3 Drop 3 | . 1 2 Fire 14 | . 3 11 Melee . | . . . Ram . | . . . Kick . | . . . Crush . | . . . Escape Stasis . | . . . Rewire . | . . . Trap . | . . . Miscellaneous . | . . . Route ------- -11/Scrapyard -10/Materials -10/Subcaves (discovered 1 exit: [*Mat]) History --------- Turn | Location | Event 16 | -11/Scrapyard | Discovered new exit (range 15) 99 | -11/Scrapyard | Entered Materials 100 | -10/Materials | Met a group of wandering Federalists 228 | -10/Materials | Discovered new exit (range 11) 246 | -10/Materials | Entered Subcaves 247 | -10/Subcaves | Continued accompanying wandering Federalists (6) 258 | -10/Subcaves | Discovered new exit (range 11) 326 | -10/Subcaves | Build established: Mutant 328 | -10/Subcaves | Lost 6 allies 387 | -10/Subcaves | Core integrity fell below 50% 428 | -10/Subcaves | Core integrity fell below 20% 429 | -10/Subcaves | Destroyed by 9X-8BT(R) with Subdweller Machine Gun Last Messages --------------- 00319_ JE-KNL(R) destroyed. 00322_ Acquired 26 matter. 00323_ Subatomizers dissect the Salvaging Laser. 00324_ Acquired Salvaging Laser. 00329_ Acquired Scrap Shield Fragment. 00330_ Acquired 37 matter. 00332_ Acquired Sub. Optics. [Achievement: Spot Them First] 00337_ Acquired Ion Engine. 00348_ Subatomizers dissect the Ion Engine. 00358_ Subatomizers dissect the Salvaging Laser. 00364_ Dropped Lgt. Ion Engine. 00364_ Acquired Sub. Power Source. 00369_ EM Pulse Gun destroyed. [Achievement: There's More Where That Came From] 00372_ Subatomizers dissect the Salvaging Laser, destroying it. 00375_ Ion Engine destroyed. 00385_ Subatomizers dissect the Ion Engine. 00386_ Dropped Ion Engine. Map ----- +----------------------------------------------------+ | ?????????????????????????????????????????????????? | | ?????????????????????????????????????????????????? | | ?????????????????????????????????????????????????? | | ?????????????????????????????????????????????????? | | ?????????????????????????????????????????????????? | | ?????????????????????????????????????????????????? | | ?????????????????????????????????????????????????? | | ?????????????????????????????????????????????????? | | ?????????????????????????????????????????????????? | | ?????????????????????????????????????????????????? | | ?????????????????????????????????????????????????? | | ???????##??###?????????????###???????????????????? | | ???????? ### ##???????????## ####????????????????? | | ####????? ######??##### ##???????????????? | | # ?????? #??# #???????????????? | | ??????# #?## #???????????????? | | ???#### % ### ##??????????????? | | ??## ## ### #??????????????? | | ?## ## ###?# ##?????????????? | | " #?# ###; ######R #?????????????? | | "### #??#; ;# #?????????????? | | "##### ###?????????????? | | ;# #;; ###???????????????? | | = R #?????????????????? | | * R #?????????????????? | | " # # @ ##?????????????????? | | "#### ;; ##??????????????????? | | ""#?# ; ##???????????????????? | | ###?# ####????????????????????? | | """ "#???# ## ??????????????????????? | | #########???## ### ????????????????????? | | #????????????###?# ???????????????????? | | = " ##????????????????# ##??????????????????? | | ####?????????????????## #???????????????????? | | ""#????????????????????## ##???????????????????? | | "##?????????????????????? #????????????????????? | | "#???????????????????????# ##????????????????????? | | ""????????????????????????##?????????????????????? | | "##??????????????????????????????????????????????? | | #???????????????????????????????????????????????? | | #???????????????????????????????????????????????? | | #???????????????????????????????????????????????? | | ##???????????????????????????????????????????????? | | ?????????????????????????????????????????????????? | | ?????????????????????????????????????????????????? | | ?????????????????????????????????????????????????? | | ?????????????????????????????????????????????????? | | ?????????????????????????????????????????????????? | | ?????????????????????????????????????????????????? | | ?????????????????????????????????????????????????? | +----------------------------------------------------+ Best States ------------- Heat Dissipation 25 Energy Generation 15 Energy Capacity 250 Matter Stores 285 Matter Capacity 300 Sight Range 21 Terrain Scan Density 10 Resistance: KI 20 Resistance: TH 20 Resistance: EX 20 Resistance: EM 20 Resistance: I 20 Resistance: S 20 Resistance: P 20 Evasion (%) 55 Offensive Hacking 10 Item Schematics ----------------- None Robot Schematics ------------------ None Fabricated ------------ Nothing Repaired ---------- Nothing Studied --------- None Alien Tech Used ----------------- None Achievements -------------- DATA ERROR: Steam Global Achievement% Spot Them First Strength In Numbers There's More Where That Came From Challenges ------------ None Game ------ Seed LargeLayeredMultirail Manual? 0 Play Time 00:16:17 Cumulative 7.4 hours Start 2026.03.27 @ 21:03:53 End 2026.03.27 @ 21:19:54 Sessions 1 Manual Loads 0 Difficulty Adventurer Special Mode None Game No. 8 Rogue 0 Adventurer 8 Explorer 0 Win Type - Total 0 Types 0/0/0/0/0/0/0/0/0/0 Lore% 4 Gallery% 10 Achievement% 5 Wizard Run 0 Options --------- Layout 1 ASCII 0 Keyboard 0 Movement Mouse Keybinds 0 Fullscreen 1 Font 24/Smallcaps Map View 50x35 Zoom Use 0% Tactical HUD 1 Map Filters NONE Filters NONE Steam 1 RUN: 343e620c-e871-4026-9a5d-9db99536f8da